 Dungeon Crawl Stone Soup version 0.17-a0-1976-g482a304 (webtiles) character file.

1437 Ordine the Basher (level 8, -5/52 HPs)
             Began as a Demonspawn Chaos Knight on Oct 5, 2015.
             Slain by an orc warrior
             ... wielding a +0 halberd
              (10 damage)
             ... on level 7 of the Dungeon.
             The game lasted 00:22:25 (5353 turns).

Ordine the Basher (Demonspawn Chaos Knight)         Turns: 5353, Time: 00:22:25

Health: -5/52      AC:  5    Str: 18    XL:     8   Next: 45%
Magic:  8/8        EV:  7    Int: 16    God:    Xom [....*.]
Gold:   245        SH:  0    Dex: 14    Spells: 0 memorised, 7 levels left

rFire  . . .     SeeInvis .     a - +1 mace (chaos)
rCold  . . .     Clarity  .     k - +0 chain mail
rNeg   . . .     SustAt   .     (no shield)
rPois  +         Gourm    .     (helmet restricted)
rElec  .         Spirit   .     d - +0 cloak
rCorr  .         Warding  .     (no gloves)
rMut   .         Stasis   +     (no boots)
MR     .....                    s - amulet of stasis
Stlth  ..........               o - ring of poison resistance
                                m - +5 ring of strength

@: drained, not resistant to hostile enchantments, extremely unstealthy
A: claws 1, horns 1, talons 1, clever 1, deformed body, frail 1, nightstalker 1,
spit poison 1
a: Spit Poison, Renounce Religion


You were on level 7 of the Dungeon.
You worshipped Xom.
You were a beloved toy of Xom.
You were near starving.

You visited 2 branches of the dungeon, and saw 8 of its levels.

You collected 245 gold pieces.

Inventory:

Hand Weapons
 a - a +1 mace of chaos (weapon)
 y - a cursed +1 dire flail
Armour
 d - a +0 cloak (worn)
 k - a +0 chain mail (worn)
 q - a +0 shield
Jewellery
 b - an uncursed ring of magical power
 m - a +5 ring of strength (left claw)
 o - a ring of poison resistance (right claw)
 p - an uncursed ring of wizardry
 s - an amulet of stasis (around neck)
Wands
 x - a wand of cold (7)
Scrolls
 e - a scroll of identify
 f - 3 scrolls of enchant armour
 i - 2 scrolls of remove curse
 n - 3 scrolls of enchant weapon
 r - 2 scrolls of teleportation
Potions
 g - a potion of cancellation
 j - 3 potions of lignification
 l - 3 potions of haste
 t - 2 potions of might {unknown}
 u - 2 potions of curing {unknown}
 v - a potion of poison {unknown}
 z - a potion of mutation {unknown}
Comestibles
 c - 3 bread rations
 h - a meat ration
 w - 4 fruits


   Skills:
 - Level 3.0(2.6) Fighting
 + Level 10.0(9.6) Maces & Flails
 - Level 1.7(1.4) Armour
 - Level 0.8(0.5) Dodging


You had 7 spell levels left.
You didn't know any spells.

Dungeon Overview and Level Annotations

Branches:
Dungeon (7/15)             Temple (1/1) D:4

Altars:
Ashenzari
Cheibriados
Dithmenos
Elyvilon
Fedhas
Gozag
Kikubaaqudgha
Makhleb
Nemelex Xobeh
Okawaru
Qazlal
Ru
Sif Muna
Trog
Vehumet
Xom
Yredelemnul
Zin
The Shining One


Innate Abilities, Weirdness & Mutations

You have sharp fingernails.
You have a pair of small horns on your head.
You have sharp toenails.
You are slightly more attuned to the shadows.
Your mind is acute. (Int +2)
Armour fits poorly on your strangely shaped body.
You are frail (-10% HP).
You can spit weak poison.


Message History

The orc hits you but does no damage.
The orc warrior hits you from afar with a halberd!
You sock the orc wizard!
You kill the orc wizard!
The orc hits you but does no damage. The orc hits you with a mace.
You closely miss the orc. You claw the orc, but do no damage.
The orc warrior hits you from afar with a halberd!
* * * LOW HITPOINT WARNING * * *
The orc hits you but does no damage. The orc barely misses you.
You are too injured to fight recklessly!
You are too injured to fight recklessly!
You are too injured to fight recklessly!
You are too injured to fight recklessly!
You are too injured to fight recklessly!
You are too injured to fight recklessly!
You are too injured to fight recklessly!
You closely miss the orc.
The orc warrior hits you from afar with a halberd!
You die...
Xom guffaws!

..!.## ......
.<.(.. ......
$.....
######...... ##
#....@o..... .#
##.###o)o....
.#######..##.#
#.......
.........>##.#
##.....(
..##.###.# #.#
......
..##.#######.#
.%....
.###.......#.###
......
...#.#####.#...#
.#.#.# #.###.#


You could see an orc warrior and 2 orcs.

Vanquished Creatures
  A water moccasin (D:6)
  A centaur (D:4)
  A sky beast (D:6)
  An ogre (D:5)
  The ghost of Hanibal the Conjurer, an amateur DEWz (D:3)
  A giant frog (D:6)
  A scorpion (D:4)
  2 wights (D:6)
  A crimson imp (D:5)
  3 giant frog skeletons
  An iron imp (D:6)
  An orc priest (D:5)
  3 hounds
  4 orc wizards
  Jessica (D:2)
  2 jellies (D:5)
  A worker ant (D:7)
  An iguana (D:6)
  A killer bee zombie (D:5)
  4 gnolls (D:4)
  10 adders
  An ooze (D:2)
  3 adder skeletons
  3 worms
  2 giant geckos
  23 orcs
  4 ball pythons
  3 giant cockroaches
  5 goblins
  12 hobgoblins
  5 jackals (D:3)
  A ball python skeleton (D:4)
  11 bats
  3 giant cockroach zombies
  2 giant newts
  A jackal zombie (D:6)
  10 kobolds
  A quokka skeleton (D:4)
  8 rats
  A plant (D:2)
141 creatures vanquished.

Vanquished Creatures (others)
  3 wights (D:6)
  An ooze (D:3)
  3 orcs (D:3)
  A quokka (D:3)
  A rat (D:2)
9 creatures vanquished.

Grand Total: 150 creatures vanquished

Notes
Turn   | Place    | Note
--------------------------------------------------------------
     0 | D:1      | Ordine the Demonspawn Chaos Knight began the quest for the Orb.
     0 | D:1      | Reached XP level 1. HP: 18/18 MP: 1/1
   186 | D:1      | Gained mutation: You have sharp toenails. [demonic ancestry]
   186 | D:1      | Reached XP level 2. HP: 22/24 MP: 2/2
   334 | D:1      | XOM: smoke on damage
   762 | D:1      | XOM: divination: detect creatures
   871 | D:2      | Reached XP level 3. HP: 22/29 MP: 3/3
   925 | D:2      | Noticed Jessica
   996 | D:2      | Reached skill level 4 in Maces & Flails
  1002 | D:2      | Killed Jessica
  1061 | D:2      | Reached XP level 4. HP: 27/35 MP: 4/4
  1659 | D:2      | Reached skill level 5 in Maces & Flails
  1897 | D:3      | Reached XP level 5. HP: 28/41 MP: 5/5
  1943 | D:3      | Found a radiant altar of Vehumet.
  1999 | D:3      | Noticed Hanibal's ghost (amateur DEWz)
  2006 | D:3      | Killed Hanibal's ghost
  2006 | D:3      | Reached skill level 6 in Maces & Flails
  2238 | D:3      | Gained mutation: You have a pair of small horns on your head. [demonic ancestry]
  2238 | D:3      | Reached XP level 6. HP: 47/47 MP: 6/6
  2307 | D:3      | Found a sacrificial altar of Ru.
  2425 | D:4      | Found a staircase to the Ecumenical Temple.
  2464 | Temple   | Entered the Ecumenical Temple
  2692 | D:4      | XOM: colour smoke trail
  2726 | D:4      | XOM: confuse monster(s)
  2734 | D:4      | XOM: confuse monster(s)
  2769 | D:4      | Reached skill level 7 in Maces & Flails
  2796 | D:4      | XOM: colour smoke trail
  2809 | D:4      | XOM: enchant monster (good)
  2937 | D:4      | Gained mutation: You have sharp fingernails. [demonic ancestry]
  2937 | D:4      | Reached XP level 7. HP: 48/52 MP: 7/7
  3053 | D:4      | Found a glowing golden altar of the Shining One.
  3231 | D:4      | Found a deep blue altar of Sif Muna.
  3394 | D:5      | Entered Level 5 of the Dungeon
  3548 | D:5      | XOM: polymorph hound -> jelly
  3603 | D:5      | Found an ancient bone altar of Kikubaaqudgha.
  3645 | D:5      | Found a blossoming altar of Fedhas.
  3736 | D:5      | Reached skill level 8 in Maces & Flails
  3946 | D:5      | XOM: potion effect (heal wounds)
  4013 | D:5      | XOM: cast spell 'Statue Form'
  4114 | D:5      | XOM: harmless Chrm miscast
  4243 | D:6      | XOM: noise
  4421 | D:6      | XOM: repel stairs
  4427 | D:6      | Reached skill level 9 in Maces & Flails
  4427 | D:6      | Gained mutation: You are slightly more attuned to the shadows. [demonic ancestry]
  4427 | D:6      | Reached XP level 8. HP: 37/58 MP: 8/8
  4466 | D:6      | Found a glowing silver altar of Zin.
  4599 | D:6      | Found a snail-covered altar of Cheibriados.
  4674 | D:6      | XOM: give mutations
  4674 | D:6      | Gained mutation: Armour fits poorly on your strangely shaped body. [Xom's mischief]
  4674 | D:6      | Gained mutation: You are weak. (Str -2) [Xom's mischief]
  4722 | D:6      | XOM: snakes to sticks
  4736 | D:6      | XOM: divination: detect creatures
  4737 | D:6      | HP: 1/58 [sky beast (6)]
  4903 | D:6      | Gained mutation: You can spit weak poison. [mutagenic meat]
  4904 | D:6      | Lost mutation: You are weak. (Str -2) [mutagenic meat]
  4905 | D:6      | Gained mutation: Your mind is acute. (Int +2) [mutagenic meat]
  4906 | D:6      | Gained mutation: You are frail (-10% HP). [mutagenic meat]
  4979 | D:6      | XOM: divine lightning (protected)
  5023 | D:6      | XOM: mild Erth miscast
  5299 | D:7      | XOM: mild Pois miscast
  5311 | D:7      | Reached skill level 10 in Maces & Flails
  5353 | D:7      | Slain by an orc warrior

Vault maps used:
D:1:      dpeg_arrival_brainrot
D:2:      serial_undead, serial_undead_a, serial_undead_d, serial_undead_c,
          serial_undead_e, serial_park_tiny_1, serial_bayou_lake_a, uniq_jessica
D:3:      fiery_altar_vehumet, nicolae_ru_great_annihilating_truth
D:4:      lemuel_doored_altar, temple_pool_a, first_bread,
          hangedman_decor_lopped, tgw_sif
D:5:      fedhas_altar_2, kiku_gazebo_pond_becter
D:6:      lemuel_round_altar, slow_altar_1
D:7:      nemelex_lonely_heart_becter, uniq_menkaure, uniq_duvessa
Temple:   eino_temple_water_12

Action                   |  1- 3 |  4- 6 |  7- 9 || total
-------------------------+-------+-------+-------++-------
Melee: Mace              |    96 |   242 |   198 ||   536
  Use: Scroll            |       |    13 |     2 ||    15
       Potion            |       |       |     2 ||     2
 Stab: Petrifying        |     1 |       |       ||     1
       Paralysed         |       |     3 |       ||     3
       Confused          |       |     2 |     2 ||     4
       Petrified         |       |     2 |       ||     2
  Eat: Chunk             |     1 |     6 |     6 ||    13
       Bread ration      |       |       |     1 ||     1
